 Dungeon Crawl Stone Soup version 0.17.1-3-g152610e (webtiles) character file.

93 kaze the Sneak (level 4, -2/27 HPs)
             Began as a Kobold Assassin on Apr 6, 2016.
             Slain by a hobgoblin (4 damage)
             ... led by Robin
             ... on level 2 of the Dungeon.
             The game lasted 00:03:19 (1099 turns).

kaze the Sneak (Kobold Assassin)                    Turns: 1099, Time: 00:03:19

Health: -2/27      AC:  5    Str:  9    XL:     4   Next: 92%
Magic:  4/4        EV: 14    Int: 14    God:
Gold:   121        SH:  0    Dex: 18    Spells: 0 memorised, 3 levels left

rFire  . . .     SeeInvis .     a - +2 dagger
rCold  . . .     Clarity  .     y - +0 leather armour
rNeg   . . .     SustAt   .     (shield restricted)
rPois  .         Gourm    .     (no helmet)
rElec  .         Spirit   .     d - +0 cloak
rCorr  .         Warding  .     (no gloves)
rMut   .         Stasis   .     l - +0 pair of boots
MR     .....                    (no amulet)
Stlth  ++++......               (no ring)
                                (no ring)

@: brilliant, not resistant to hostile enchantments, stealthy
A: carnivore 3
a: no special abilities


You were on level 2 of the Dungeon.
You were completely stuffed.

You visited 1 branch of the dungeon, and saw 2 of its levels.

You collected 121 gold pieces.

Inventory:

Hand Weapons
 a - a +2 dagger (weapon)
 b - a +0 blowgun
 t - a +0 hunting sling
Missiles
 e - 8 poisoned needles
 f - 2 curare-tipped needles
 q - 12 bolts
 r - 12 sling bullets of frost
 u - 18 arrows
 z - 11 bolts of flame
Armour
 c - a +0 robe
 d - a +0 cloak (worn)
 l - a +0 pair of boots (worn)
 y - a +0 leather armour (worn)
Jewellery
 s - an uncursed ring of protection from cold {unknown}
Scrolls
 h - a scroll of enchant armour {unknown}
 j - 2 scrolls of teleportation {unknown}
 m - a scroll of enchant weapon {unknown}
 n - a scroll of identify {unknown}
 o - a scroll of magic mapping {unknown}
Potions
 i - 2 potions of resistance {unknown}
 p - a potion of lignification {unknown}
 v - a potion of curing {unknown}
 w - a potion of agility {unknown}
Comestibles
 g - 3 meat rations


   Skills:
 + Level 2.5 Fighting
 + Level 3.4 Short Blades
 + Level 2.6 Throwing
 + Level 0.1 Armour
 + Level 2.2 Dodging
 + Level 6.7 Stealth


You had 3 spell levels left.
You didn't know any spells.

Dungeon Overview and Level Annotations

Branches:
Dungeon (2/15)

Altars:


Innate Abilities, Weirdness & Mutations

You are small and have problems with some larger weapons.
You are carnivorous and can eat meat at any time.


Message History

The hobgoblin misses you.
You barely miss the hobgoblin.
The hobgoblin is almost dead.
The hobgoblin hits you but does no damage.
Unknown command.
b - a +0 blowgun (weapon)
a - a +2 dagger (weapon)
The hobgoblin misses you.
Drink which item? (? for menu, Esc to quit)
It was a potion of brilliance.
You feel clever all of a sudden.
The hobgoblin hits you but does no damage.
You closely miss the hobgoblin.
The hobgoblin is almost dead.
You hit the hobgoblin.
You kill the hobgoblin!
You hit the hobgoblin.
The hobgoblin is heavily wounded.
The hobgoblin hits you.
You die...

###.........# #.....####'####
............# #.....# #.#
.......###### #.....# #.#
.......############.....####.####
.>.....†.................†.......
.........†.......................
.......############.....#######.#
#'###### #.###############....#.#
#.###### #......@gg(K.(.((K......
#......# #.....###########.K.....
######.# #..##.# #....... #.#
#..##.# #.g..... #.###..##.#
#g...... ##......##.#
#####r...#.#
#.......##.#######........#..
#####(...............#..).)......
.......###...........#.....###...


You could see a hobgoblin, a goblin and a kobold.

Vanquished Creatures
  Ijyb (D:2)
  Robin (D:2)
  A worm (D:2)
  A giant gecko (D:1)
  2 giant cockroaches
  13 hobgoblins
  6 jackals
  A quokka (D:2)
  A bat (D:2)
  11 goblins
  2 kobolds (D:1)
  5 rats
45 creatures vanquished.

Notes
Turn   | Place    | Note
--------------------------------------------------------------
     0 | D:1      | kaze the Kobold Assassin began the quest for the Orb.
     0 | D:1      | Reached XP level 1. HP: 12/12 MP: 1/1
   110 | D:1      | Reached XP level 2. HP: 14/17 MP: 2/2
   301 | D:1      | Reached skill level 6 in Stealth
   320 | D:1      | Reached XP level 3. HP: 17/21 MP: 3/3
   955 | D:2      | Noticed Ijyb
   962 | D:2      | Killed Ijyb
   962 | D:2      | Reached XP level 4. HP: 25/27 MP: 4/4
  1044 | D:2      | Noticed Robin
  1080 | D:2      | Killed Robin
  1090 | D:2      | HP: 1/27 [hobgoblin/club[Robin] (2)]
  1099 | D:2      | Slain by a hobgoblin

Action                   |  1- 3 |  4- 6 || total
-------------------------+-------+-------++-------
Melee: Dagger            |   100 |    33 ||   133
 Fire: Blowgun           |    10 |       ||    10
       Hunting sling     |       |     7 ||     7
  Use: Potion            |       |     1 ||     1
 Stab: Sleeping          |     5 |       ||     5
       Distracted        |       |     1 ||     1
  Eat: Chunk             |     7 |     2 ||     9
